TOP OF THE 1ST |
Surrey Sinners batting - Pitching for Chula Vista Tacos : RHP Chris Jacobs
|
Pitching: RHP Chris Jacobs
|
|
Batting: RHB Marcos Lińares
|
0-0: Ground out 6-3 (Groundball, 6)
|
Batting: LHB Jorge Martínez
|
0-0: Foul Ball, location: 2F 0-1: Ball 1-1: Foul Ball, location: 2F 1-2: Ball 2-2: Foul Ball, location: 2F 2-2: Ground out 4-3 (Groundball, 34)
|
Batting: LHB Iván Espinosa
|
0-0: Ball 1-0: Ball 2-0: Ball 3-0: Base on Balls
|
Batting: RHB Dennis House
|
0-0: Ball 1-0: SINGLE (Groundball, 34D) Iván Espinosa to second Throwing error, E9 Iván Espinosa scores Dennis House to second
|
Batting: RHB Roberto Ybarra
|
0-0: Called Strike 0-1: Ball 1-1: Ball 2-1: Ball 3-1: Called Strike 3-2: DOUBLE (Flyball, 78XD) Dennis House scores
|
Batting: RHB Clarence Harrison
|
0-0: Swinging Strike 0-1: Fly out, F5 (Popup, 5)
|
Top of the 1st over - 2 run(s), 2 hit(s), 1 error(s), 1 left on base; Surrey 2 - Chula Vista 0 |
BOTTOM OF THE 1ST |
Chula Vista Tacos batting - Pitching for Surrey Sinners : RHP Sergio Chávez
|
Pitching: RHP Sergio Chávez
|
|
Batting: RHB Matt O'Rourke
|
0-0: Foul Ball, location: 2F 0-1: Ball 1-1: Ball 2-1: Foul Ball, location: 2F 2-2: Strikes out swinging
|
Batting: LHB Roderick Delgado
|
0-0: Ball 1-0: Ball 2-0: Foul Ball, location: 2F 2-1: Fly out, F8 (Flyball, 8LM)
|
Batting: RHB Jake Lawrence
|
0-0: Foul Ball, location: 2F 0-1: Foul Ball, location: 2F 0-2: Ball 1-2: Ball 2-2: Strikes out looking
|
Bottom of the 1st over - 0 run(s), 0 hit(s), 0 error(s), 0 left on base; Surrey 2 - Chula Vista 0 |
BOTTOM OF THE 2ND |
Chula Vista Tacos batting - Pitching for Surrey Sinners : RHP Sergio Chávez
|
Batting: RHB Jake Reeves
|
0-0: Fly out, F8 (Line Drive, 8LS)
|
Batting: LHB Steven Smith
|
0-0: Ball 1-0: Ball 2-0: Ball 3-0: Base on Balls
|
Batting: LHB Nick Hill
|
0-0: Ball Wild Pitch! Steven Smith to second 1-0: DOUBLE (Line Drive, 7LS) Steven Smith scores
|
Batting: RHB Domynguos Tabucchi
|
0-0: Ball 1-0: Ball 2-0: Ball 3-0: Called Strike 3-1: Fly out, F8 (Line Drive, 8LM)
|
Batting: RHB Conner Riley
|
0-0: Ball 1-0: Ball 2-0: Ball 3-0: Called Strike 3-1: Base on Balls
|
Batting: RHB Preston Wooten
|
0-0: Foul Ball, location: 2F 0-1: Called Strike 0-2: Strikes out swinging
|
Bottom of the 2nd over - 1 run(s), 1 hit(s), 0 error(s), 2 left on base; Surrey 5 - Chula Vista 1 |
TOP OF THE 3RD |
Surrey Sinners batting - Pitching for Chula Vista Tacos : RHP Chris Jacobs
|
Batting: RHB Jason Nava
|
0-0: Swinging Strike 0-1: Foul Ball, location: 2F 0-2: Foul Ball, location: 2F 0-2: Ball 1-2: Foul Ball, location: 2F 1-2: Ground out 6-3 (Groundball, 6)
|
Pitching: RHP Vincent Davis
|
|
Batting: RHB Robert Koremans
|
0-0: Swinging Strike 0-1: Ball 1-1: Ground out 4-3 (Groundball, 4M)
|
Batting: RHB Mitchell Darragh
|
0-0: Ground out 4-3 (Groundball, 4)
|
Top of the 3rd over - 0 run(s), 0 hit(s), 0 error(s), 0 left on base; Surrey 5 - Chula Vista 1 |
BOTTOM OF THE 3RD |
Chula Vista Tacos batting - Pitching for Surrey Sinners : RHP Sergio Chávez
|
Batting: RHB Matt O'Rourke
|
0-0: Called Strike 0-1: Called Strike 0-2: Ball 1-2: Ground out 6-3 (Groundball, 6M)
|
Batting: LHB Roderick Delgado
|
0-0: Called Strike 0-1: Ball 1-1: Fly out, F7 (Flyball, 7)
|
Batting: RHB Jake Lawrence
|
0-0: Called Strike 0-1: Ball 1-1: Foul Ball, location: 2F 1-2: Ball 2-2: Hit by Pitch
|
Batting: RHB Jake Reeves
|
0-0: Ball 1-0: SINGLE (Groundball, 6MS) (infield hit) Jake Lawrence to second
|
Batting: LHB Steven Smith
|
0-0: Ball 1-0: Foul Ball, location: 2F 1-1: Called Strike 1-2: Strikes out swinging
|
Bottom of the 3rd over - 0 run(s), 1 hit(s), 0 error(s), 2 left on base; Surrey 5 - Chula Vista 1 |
TOP OF THE 4TH |
Surrey Sinners batting - Pitching for Chula Vista Tacos : RHP Vincent Davis
|
Batting: RHB Marcos Lińares
|
0-0: Called Strike 0-1: Swinging Strike 0-2: Ball 1-2: Ball 2-2: DOUBLE (Line Drive, 9LM)
|
Batting: LHB Jorge Martínez
|
0-0: Called Strike 0-1: Swinging Strike 0-2: Strikes out swinging
|
Batting: LHB Iván Espinosa
|
0-0: Ball 1-0: Ball 2-0: Ball 3-0: Called Strike 3-1: Base on Balls
|
Batting: RHB Dennis House
|
0-0: Ball 1-0: Ball 2-0: Ball 3-0: Called Strike 3-1: Foul Ball, location: 2F 3-2: Foul Ball, location: 2F 3-2: Foul Ball, location: 2F 3-2: Grounds into double play, 4-6-3 (Groundball, 34)
|
Top of the 4th over - 0 run(s), 1 hit(s), 0 error(s), 1 left on base; Surrey 5 - Chula Vista 1 |
BOTTOM OF THE 4TH |
Chula Vista Tacos batting - Pitching for Surrey Sinners : RHP Sergio Chávez
|
Batting: LHB Nick Hill
|
0-0: Ball 1-0: Called Strike 1-1: Foul Ball, location: 2F 1-2: Ball 2-2: Strikes out swinging
|
Batting: RHB Domynguos Tabucchi
|
0-0: Foul Ball, location: 2F 0-1: Ball 1-1: Foul Ball, location: 2F 1-2: Ball 2-2: Foul Ball, location: 2F 2-2: Ball 3-2: Ground out 6-3 (Groundball, 6)
|
Batting: RHB Conner Riley
|
0-0: Ball 1-0: Ball 2-0: Foul Ball, location: 2F 2-1: Ball 3-1: Base on Balls
|
Batting: RHB Preston Wooten
|
0-0: Called Strike Conner Riley is caught stealing 2nd base
|
Bottom of the 4th over - 0 run(s), 0 hit(s), 0 error(s), 0 left on base; Surrey 5 - Chula Vista 1 |
TOP OF THE 5TH |
Surrey Sinners batting - Pitching for Chula Vista Tacos : RHP Vincent Davis
|
Batting: RHB Roberto Ybarra
|
0-0: Ball 1-0: Swinging Strike 1-1: Called Strike 1-2: Foul Ball, location: 2F 1-2: Ball 2-2: Fly out, F8 (Flyball, 8RS)
|
Batting: RHB Clarence Harrison
|
0-0: Ball 1-0: Fly out, F4 (Line Drive, 4)
|
Batting: RHB Jason Nava
|
0-0: Called Strike 0-1: Foul Ball, location: 2F 0-2: Foul Ball, location: 2F 0-2: Ball 1-2: Strikes out swinging
|
Top of the 5th over - 0 run(s), 0 hit(s), 0 error(s), 0 left on base; Surrey 5 - Chula Vista 1 |
BOTTOM OF THE 5TH |
Chula Vista Tacos batting - Pitching for Surrey Sinners : RHP Sergio Chávez
|
Batting: RHB Preston Wooten
|
0-0: Ball 1-0: Ball 2-0: Ball 3-0: Called Strike 3-1: SINGLE (Groundball, 6) (infield hit)
|
Batting: RHB Matt O'Rourke
|
0-0: Ball Preston Wooten steals 2nd base 1-0: SINGLE (Groundball, 6M) (infield hit) Preston Wooten to third
|
Batting: LHB Roderick Delgado
|
0-0: Ball Matt O'Rourke steals 2nd base 1-0: Foul Ball, location: 2F 1-1: Ball 2-1: SINGLE (Line Drive, 4MD) Preston Wooten scores Matt O'Rourke to third Runner from 3rd tries for Home, SAFE, no throw
|
Batting: RHB Jake Lawrence
|
0-0: Ball Throwing error on steal attempt, E2 Roderick Delgado to third 1-0: Foul Ball, location: 2F 1-1: Swinging Strike 1-2: Ball 2-2: SINGLE (Groundball, 5S) (infield hit) Roderick Delgado scores
|
Pitching: RHP Doug Spencer
|
|
Batting: RHB Jake Reeves
|
0-0: Foul Ball, location: 2F 0-1: Fielders Choice at 2nd, 1-4 (Groundball, 15)
|
Pinch Runner at 1st Juan Morales:
|
|
Batting: LHB Steven Smith
|
0-0: Called Strike 0-1: Ball 1-1: Ball 2-1: Foul Ball, location: 2F 2-2: Fly out, F8 (Flyball, 8RD)
|
Batting: LHB Nick Hill
|
0-0: Ball 1-0: Ball 2-0: Ball 3-0: Base on Balls Juan Morales to second
|
Batting: RHB Domynguos Tabucchi
|
0-0: Ball 1-0: Ball 2-0: Swinging Strike 2-1: Swinging Strike 2-2: Foul Ball, location: 2F 2-2: Ball 3-2: Base on Balls Juan Morales to third Nick Hill to second
|
Batting: RHB Conner Riley
|
0-0: Foul Ball, location: 2F 0-1: Ball 1-1: Ball 2-1: Fly out, F9 (Flyball, 89D)
|
Bottom of the 5th over - 3 run(s), 4 hit(s), 1 error(s), 3 left on base; Surrey 5 - Chula Vista 4 |
TOP OF THE 6TH |
Surrey Sinners batting - Pitching for Chula Vista Tacos : RHP Vincent Davis
|
Now at SS: Júlio García
|
|
Batting: RHB Robert Koremans
|
0-0: Called Strike 0-1: Ball 1-1: Ball 2-1: Ball 3-1: Foul Ball, location: 2F 3-2: Ground out 6-3 (Groundball, 56)
|
Batting: RHB Mitchell Darragh
|
0-0: Ball 1-0: SINGLE (Groundball, 6) (infield hit)
|
Batting: RHB Marcos Lińares
|
0-0: Called Strike Mitchell Darragh steals 2nd base 0-1: 2-RUN HOME RUN (Flyball, 9LD), Distance : 384 ft
|
Pitching: RHP Carlos Madraso
|
|
Batting: LHB Jorge Martínez
|
0-0: SINGLE (Groundball, 34S) (infield hit)
|
Batting: LHB Iván Espinosa
|
0-0: Ball Jorge Martínez steals 2nd base 1-0: Intentional Walk
|
Batting: RHB Dennis House
|
0-0: Foul Ball, location: 2F 0-1: Ball 1-1: Foul Ball, location: 2F 1-2: SINGLE (Groundball, 56S) (infield hit) Jorge Martínez to third Iván Espinosa to second
|
Batting: RHB Roberto Ybarra
|
0-0: Called Strike 0-1: Ball 1-1: Ball 2-1: Foul Ball, location: 2F 2-2: Ball 3-2: Base on Balls Jorge Martínez scores Iván Espinosa to third Dennis House to second
|
Batting: RHB Clarence Harrison
|
0-0: Ball 1-0: Ball 2-0: Called Strike 2-1: SINGLE (Groundball, 13S) (infield hit) Iván Espinosa scores Dennis House to third Roberto Ybarra to second
|
Pitching: RHP Ron Davis
|
|
Batting: RHB Jason Nava
|
0-0: Ball 1-0: Ball 2-0: Ball 3-0: SINGLE (Groundball, 34D) Dennis House scores Roberto Ybarra to third Clarence Harrison to second
|
Batting: RHB Robert Koremans
|
0-0: Ball 1-0: DOUBLE (Flyball, 78M) Roberto Ybarra scores Clarence Harrison scores Jason Nava to third
|
Batting: RHB Mitchell Darragh
|
0-0: Ball 1-0: Ball 2-0: Foul Ball, location: 2F 2-1: Ball 3-1: Foul Ball, location: 2F 3-2: Fly out, F4 (Line Drive, 4)
|
Batting: RHB Marcos Lińares
|
0-0: Fly out, F9 (Flyball, 9)
|
Top of the 6th over - 7 run(s), 7 hit(s), 0 error(s), 2 left on base; Surrey 12 - Chula Vista 4 |
BOTTOM OF THE 6TH |
Chula Vista Tacos batting - Pitching for Surrey Sinners : RHP Doug Spencer
|
Batting: RHB Preston Wooten
|
0-0: Ball 1-0: Called Strike 1-1: Ball 2-1: Swinging Strike 2-2: Ball 3-2: Strikes out swinging
|
Batting: RHB Matt O'Rourke
|
0-0: Fly out, F5 (Line Drive, 5L)
|
Batting: LHB Roderick Delgado
|
0-0: Swinging Strike 0-1: Ball 1-1: Foul Ball, location: 2F 1-2: Foul Ball, location: 2F 1-2: Ball 2-2: Ball 3-2: SINGLE (Groundball, 56S) (infield hit)
|
Batting: RHB Jake Lawrence
|
0-0: Ball 1-0: Called Strike 1-1: Swinging Strike 1-2: Strikes out swinging
|
Bottom of the 6th over - 0 run(s), 1 hit(s), 0 error(s), 1 left on base; Surrey 12 - Chula Vista 4 |
TOP OF THE 7TH |
Surrey Sinners batting - Pitching for Chula Vista Tacos : RHP Ron Davis
|
Batting: LHB Jorge Martínez
|
0-0: Fly out, F7 (Flyball, 7)
|
Batting: LHB Iván Espinosa
|
0-0: Ball 1-0: Ball 2-0: Ball 3-0: Base on Balls
|
Batting: RHB Dennis House
|
0-0: Ball 1-0: Ball 2-0: Called Strike 2-1: Ball 3-1: Called Strike 3-2: Base on Balls Iván Espinosa to second
|
Batting: RHB Roberto Ybarra
|
0-0: Ball 1-0: Ball Dennis House steals 2nd base Iván Espinosa to third 2-0: Ball 3-0: Base on Balls
|
Batting: RHB Clarence Harrison
|
0-0: Called Strike 0-1: Ball 1-1: DOUBLE (Line Drive, 7LM) Iván Espinosa scores Dennis House scores Roberto Ybarra to third
|
Batting: RHB Jason Nava
|
0-0: Ball 1-0: Called Strike 1-1: Swinging Strike 1-2: Foul Ball, location: 2F 1-2: Foul Ball, location: 2F 1-2: Ball 2-2: Ball 3-2: Base on Balls
|
Batting: RHB Robert Koremans
|
0-0: Ball 1-0: Ball 2-0: Ball 3-0: Called Strike 3-1: Foul Ball, location: 2F 3-2: Fly out, F7 (Line Drive, 78M)
|
Batting: RHB Mitchell Darragh
|
0-0: Called Strike 0-1: Fly out, F7 (Flyball, 7S)
|
Top of the 7th over - 2 run(s), 1 hit(s), 0 error(s), 3 left on base; Surrey 14 - Chula Vista 4 |
BOTTOM OF THE 7TH |
Chula Vista Tacos batting - Pitching for Surrey Sinners : RHP Doug Spencer
|
Batting: RHB Júlio García
|
0-0: Foul Ball, location: 2F 0-1: Swinging Strike 0-2: Ball 1-2: Ball 2-2: Ball 3-2: Base on Balls
|
Batting: LHB Steven Smith
|
0-0: Ball 1-0: SINGLE (Line Drive, 8LS) Júlio García to second
|
Batting: LHB Nick Hill
|
0-0: Hit by Pitch Júlio García to third Steven Smith to second
|
Batting: RHB Domynguos Tabucchi
|
0-0: Ball 1-0: Ball 2-0: Ball 3-0: Base on Balls Júlio García scores Steven Smith to third Nick Hill to second
|
Batting: RHB Conner Riley
|
0-0: Grounds into double play, 1-2-3 (Groundball, 13) Nick Hill to third Domynguos Tabucchi to second
|
Batting: RHB Preston Wooten
|
0-0: Ball 1-0: Ball 2-0: Ball 3-0: Called Strike 3-1: Swinging Strike 3-2: Base on Balls
|
Batting: RHB Matt O'Rourke
|
0-0: Foul Ball, location: 2F 0-1: Ball 1-1: SINGLE (Groundball, 6MD) Nick Hill scores Domynguos Tabucchi to third Preston Wooten to second Runner from 3rd tries for Home, SAFE, no throw
|
Pitching: RHP Pedro Luque
|
|
Batting: LHB Roderick Delgado
|
0-0: SINGLE (Flyball, 7S) Preston Wooten to third Matt O'Rourke to second Runner from 3rd tries for Home, SAFE, no throw
|
Batting: RHB Jake Lawrence
|
0-0: Swinging Strike 0-1: Called Strike 0-2: Fielders Choice at 2nd, 4-6 (Groundball, 4)
|
Bottom of the 7th over - 4 run(s), 3 hit(s), 0 error(s), 1 left on base; Surrey 14 - Chula Vista 8 |
TOP OF THE 8TH |
Surrey Sinners batting - Pitching for Chula Vista Tacos : RHP Ron Davis
|
Batting: RHB Marcos Lińares
|
0-0: Ball 1-0: SINGLE (Line Drive, 9S)
|
Batting: LHB Jorge Martínez
|
0-0: Called Strike 0-1: Ball 1-1: Called Strike 1-2: Fielders Choice at 2nd, 4-6 (Groundball, 4)
|
Pitching: RHP Ron Booker
|
|
Batting: LHB Iván Espinosa
|
0-0: Ball Jorge Martínez steals 2nd base 1-0: SINGLE (Line Drive, 89S) Jorge Martínez to third
|
Batting: RHB Dennis House
|
0-0: Called Strike 0-1: Foul Ball, location: 2F 0-2: Ball 1-2: Strikes out swinging
|
Batting: RHB Roberto Ybarra
|
0-0: Ball 1-0: Swinging Strike 1-1: Hit by Pitch Iván Espinosa to second
|
Batting: RHB Clarence Harrison
|
0-0: Ball 1-0: Fly out, F8 (Flyball, 8RXD)
|
Top of the 8th over - 0 run(s), 2 hit(s), 0 error(s), 3 left on base; Surrey 14 - Chula Vista 8 |
BOTTOM OF THE 8TH |
Chula Vista Tacos batting - Pitching for Surrey Sinners : RHP Pedro Luque
|
Now at 1B: Norberto Muńóz
|
|
Batting: RHB Júlio García
|
0-0: Ball 1-0: Ground out 4-3 (Groundball, 4M)
|
Batting: LHB Steven Smith
|
0-0: Called Strike 0-1: Foul Ball, location: 2F 0-2: Ball 1-2: Foul Ball, location: 2F 1-2: SINGLE (Line Drive, 9S)
|
Batting: LHB Nick Hill
|
0-0: Swinging Strike 0-1: Called Strike 0-2: Strikes out swinging
|
Batting: RHB Domynguos Tabucchi
|
0-0: Swinging Strike 0-1: Foul Ball, location: 2F 0-2: Foul Ball, location: 2F 0-2: Foul Ball, location: 2F 0-2: Single, Error in OF, E9, batter to second base Steven Smith to third
|
Batting: RHB Conner Riley
|
0-0: Called Strike 0-1: Ball 1-1: Ball 2-1: Swinging Strike 2-2: Ball 3-2: Ground out 6-3 (Groundball, 6)
|
Bottom of the 8th over - 0 run(s), 2 hit(s), 1 error(s), 2 left on base; Surrey 14 - Chula Vista 8 |
TOP OF THE 9TH |
Surrey Sinners batting - Pitching for Chula Vista Tacos : RHP Ron Booker
|
Batting: RHB Jason Nava
|
0-0: Ground out 6-3 (Groundball, 56)
|
Batting: RHB Robert Koremans
|
0-0: Ball 1-0: Ball 2-0: Called Strike 2-1: Foul Ball, location: 2F 2-2: Strikes out swinging, 2-3 out at first.
|
Batting: RHB Mitchell Darragh
|
0-0: Called Strike 0-1: Foul Ball, location: 2F 0-2: Ball 1-2: Strikes out swinging
|
Top of the 9th over - 0 run(s), 0 hit(s), 0 error(s), 0 left on base; Surrey 14 - Chula Vista 8 |
BOTTOM OF THE 9TH |
Chula Vista Tacos batting - Pitching for Surrey Sinners : RHP Pedro Luque
|
Batting: RHB Preston Wooten
|
0-0: Foul Ball, location: 2F 0-1: Foul Ball, location: 2F 0-2: Foul Ball, location: 2F 0-2: Ball 1-2: Ball 2-2: Foul Ball, location: 2F 2-2: Foul Ball, location: 2F 2-2: Ground out 6-3 (Groundball, 6)
|
Batting: RHB Matt O'Rourke
|
0-0: Ball 1-0: Foul Ball, location: 2F 1-1: Foul Ball, location: 2F 1-2: Strikes out swinging
|
Batting: LHB Roderick Delgado
|
0-0: Called Strike 0-1: Ball 1-1: Foul Ball, location: 2F 1-2: Ball 2-2: Ball 3-2: Foul Ball, location: 2F 3-2: Fly out, F7 (Flyball, 78D)
|
Bottom of the 9th over - 0 run(s), 0 hit(s), 0 error(s), 0 left on base; Surrey 14 - Chula Vista 8 |
|